 Dungeon Crawl Stone Soup version 0.31-a0-188-g5e087ee2ca (webtiles) character file.

Game seed: 16680124113104885692

113 qw the Skirmisher (level 4, -2/25 HPs)
             Began as a Deep Elf Hunter on June 22, 2023.
             Slain by Grinder (13 damage)
             ... while paralysed by Grinder
             ... on level 3 of the Dungeon.
             The game lasted 00:00:48 (2156 turns).

qw the Skirmisher (Deep Elf Hunter)                 Turns: 2156, Time: 00:00:49

Health: -2/25      AC:  5    Str: 10    XL:     4   Next: 65%
Magic:  6/6        EV:  2    Int: 14    God:
Gold:   101        SH:  0    Dex: 18    Spells: 3/3 levels left

rFire   . . .        Y - +0 shortbow
rCold   . . .        (shield currently unavailable)
rNeg    . . .        a - +0 ring mail
rPois   .            (no helmet)
rElec   .            (no cloak)
rCorr   .            (no gloves)
SInv    .            (no boots)
Will    .....        (no amulet)
Stlth   +            (no ring)
HPRegen 0.24/turn    (no ring)
MPRegen 0.10/turn

%: no passive effects
@: paralysed
A: no striking features
a: no special abilities


You were on level 3 of the Dungeon.
You visited 1 branch of the dungeon, and saw 3 of its levels.

You collected 101 gold pieces.


   Skills:
 - Level 1.5 Fighting
 + Level 8.1 Ranged Weapons
 - Level 2.4 Dodging
 - Level 1.2 Stealth


You had 3 spell levels left.
You didn't know any spells.
Your spell library was empty.

Inventory:

Hand Weapons
 Y - a +0 shortbow (weapon)
Armour
 a - a +0 ring mail (worn)
Jewellery
 j - an amulet of magic regeneration
Scrolls
 b - a scroll of identify
 c - a scroll of immolation {unknown}
 g - a scroll of revelation {unknown}
 h - 3 scrolls of teleportation
Potions
 d - a potion of degeneration {unknown}
 e - a potion of heal wounds {unknown}
 f - a potion of lignification {unknown}
 i - a potion of curing

Dungeon Overview and Level Annotations

Branches:
Dungeon (3/15)

Altars:
Wu Jian

Shops:
D:3 =

Annotations:
D:3 Grinder


Message History

Grinder gestures at you. Pain shoots through your body!
You shoot an arrow. The arrow hits Grinder.
Grinder is moderately wounded.
Grinder gestures at you. Pain shoots through your body!
You shoot an arrow. The arrow barely misses Grinder.
Grinder gestures at you.
You suddenly lose the ability to move!
Grinder gestures at you. You resist with significant effort.
You can move again.
You shoot an arrow. The arrow hits Grinder.
Grinder is moderately wounded.
Grinder drinks a potion.
Grinder seems to grow stronger.
You shoot an arrow. The arrow closely misses Grinder.
Grinder hits you.
You shoot an arrow.
The arrow hits Grinder but does no damage.
Grinder is moderately wounded.
Grinder hits you but does no damage.
You shoot an arrow. The arrow hits Grinder.
Grinder is moderately wounded.
Grinder blinks!
You shoot an arrow. The arrow hits Grinder.
Grinder is heavily wounded.
You shoot an arrow. The arrow barely misses Grinder.
Grinder blinks!
You shoot an arrow. The arrow barely misses Grinder.
You shoot an arrow. The arrow hits Grinder.
Grinder is severely wounded.
Grinder hits you but does no damage.
You shoot an arrow. The arrow hits Grinder.
Grinder is severely wounded.
Grinder gestures at you.
You suddenly lose the ability to move!
Grinder barely misses you. Grinder hits you!
Ouch! That really hurt!
You die...

#.# #.# #.# #.# #.# #.#
..# ..####
################ .....
...............# ...####
########.######.# ..<.<..
..............#.# ...####.
#######@.####.#.# ........
......5.......#.#
.#######################.#
.........................#
##########################


You could see Grinder (strong).

Vanquished Creatures
  3 gnolls
  2 adders (D:2)
  A worm (D:2)
  5 bats
  5 endoplasms
  3 giant cockroaches (D:1)
  3 goblins
  3 hobgoblins
  10 jackals
  6 quokkas
  4 ball pythons
  3 frilled lizards
  6 kobolds
  4 rats
58 creatures vanquished.

Notes
Turn   | Place    | Note
-------+----------+-------------------------------------------
     0 | D:1      | qw the Deep Elf Hunter began the quest for the Orb.
     0 | D:1      | Reached XP level 1. HP: 12/12 MP: 3/3
     0 | D:1      | 0 ||| qw: Version: 0.3-a-9-g12657ce
     0 | D:1      | 0 ||| qw: Game counter: 2865
     0 | D:1      | 0 ||| qw: Always use a shield: true
     0 | D:1      | 0 ||| qw: God list: Okawaru
     0 | D:1      | 0 ||| qw: Allow faded altars: false
     0 | D:1      | 0 ||| qw: Do Orc after D:15 true
     0 | D:1      | 0 ||| qw: Do second Lair branch before Depths: true
     0 | D:1      | 0 ||| qw: Lair rune preference: random
     0 | D:1      | 0 ||| qw: Plans: Normal
     0 | D:1      | 0 ||| PLANNING D:1-11
    49 | D:1      | Reached skill level 6 in Ranged Weapons
    49 | D:1      | Reached XP level 2. HP: 16/16 MP: 4/4
   443 | D:1      | Reached XP level 3. HP: 20/20 MP: 5/5
   701 | D:1      | 701 ||| READING scroll labelled EKKEOSSYOKA.
   702 | D:1      | 702 ||| READING scroll labelled VEOMUZ YRPHIO.
   703 | D:1      | 703 ||| READING 2 scrolls labelled MOYT UTAXICE.
   708 | D:1      | 708 ||| DRINKING 2 puce potions.
   709 | D:1      | 709 ||| DROPPING scroll of butterflies.
   710 | D:1      | 710 ||| DROPPING potion of attraction.
   789 | D:2      | Reached skill level 7 in Ranged Weapons
   980 | D:2      | Reached XP level 4. HP: 25/25 MP: 6/6
  1209 | D:2      | Found an ornate altar of the Wu Jian Council.
  1305 | D:2      | 1305 ||| UPGRADING to +0 ring mail.
  1367 | D:2      | 1367 ||| DROPPING +0 leather armour.
  1461 | D:2      | Reached skill level 8 in Ranged Weapons
  1565 | D:2      | 1565 ||| READING scroll labelled TEUHUSS LONT.
  1566 | D:2      | 1566 ||| READING scroll labelled CYSTRI TAHYMP.
  1567 | D:2      | 1567 ||| DRINKING 2 bubbling purple potions.
  1884 | D:3      | Found Pioteudgh's Jewellery Emporium.
  1890 | D:3      | 1890 ||| SHOPLISTING +5 ring of evasion (360 gold, have
                  | 88).
  1890 | D:3      | 1890 ||| SHOPLISTING +6 ring of dexterity (360 gold, have
                  | 88).
  1890 | D:3      | 1890 ||| SHOPLISTING ring of fire (250 gold, have 88).
  1890 | D:3      | 1890 ||| SHOPLISTING ring of see invisible (150 gold, have
                  | 88).
  1890 | D:3      | 1890 ||| SHOPLISTING ring of willpower (250 gold, have 88).
  2091 | D:3      | Noticed Grinder
  2143 | D:3      | Paralysed by Grinder for 3 turns
  2154 | D:3      | Paralysed by Grinder for 4 turns
  2156 | D:3      | Slain by Grinder

Levels and vault maps discovered:
D:1:      heliophobic_arrival_glass_houses, layout_basic
D:2:      wad_woods_tower, layout_loops_cross, basic_altar,
          nrook_mini_backslash, guppyfry_early_lair_pool
D:3:      layout_basic, serial_shops, nicolae_shop_gaudy_bauble,
          hangedman_decor_points, uniq_grinder

Skill      XL: |  1  2  3  4 |
---------------+-------------+-----
Ranged Weapons | 6 7 8 |  8.1
Fighting       | |  1.5
Dodging        | |  2.4
Stealth        | |  1.2

Action                     |  1- 3 |  4- 6 || total
---------------------------+-------+-------++-------
   Fire: Shortbow          |   104 |    67 ||   171
    Use: Scroll            |     3 |     2 ||     5
         Potion            |     1 |     1 ||     2
 Armour: Leather armour    |     9 |     1 ||    10
         Ring mail         |       |     4 ||     4
  Dodge: Dodged            |    18 |    14 ||    32

Table legend:
 A = Non-vault XP
 B = Vault XP
 C = Vault XP percentage of total XP
 D = Non-vault monster count
 E = Vault monster count
 F = Vault count percentage of total count
                 A         B        C        D         E       F
            +---------+---------+-------+---------+---------+-------
      Total |     125 |      37 |  22.8 |      52 |       6 |  10.3
            +---------+---------+-------+---------+---------+-------
        D:1 |      50 |       0 |   0.0 |      22 |       0 |   0.0
        D:2 |      65 |      37 |  36.3 |      23 |       6 |  20.7
        D:3 |      10 |       0 |   0.0 |       7 |       0 |   0.0
            +---------+---------+-------+---------+---------+-------
